 Dungeon Crawl Stone Soup version 0.18.1-48-g4cf74bf (webtiles) character file.

14718 Gargoyl the Protected (level 11, -17/87 HPs)
             Began as a Demonspawn Abyssal Knight on Sept 9, 2016.
             Was the Champion of Lugonu.
             Demolished by an ettin
             ... wielding a +0 dire flail of protection
              (36 damage)
             ... on level 1 of the Orcish Mines.
             The game lasted 00:29:45 (15460 turns).

Gargoyl the Protected (Demonspawn Abyssal Knight)  Turns: 15460, Time: 00:29:46

Health: -17/87     AC: 29    Str: 16    XL:     11   Next: 92%
Magic:  13/13      EV:  5    Int: 18    God:    Lugonu [******]
Gold:   1326       SH: 10    Dex: 14    Spells: 0 memorised, 10 levels left

rFire  + . .     SeeInvis .     h - +0 broad axe
rCold  . . .     Gourm    +     f - +2 crystal plate armour
rNeg   + . .     Faith    .     y - +0 shield
rPois  .         Spirit   .     (helmet restricted)
rElec  .         Dismiss  .     w - +2 cloak of Meidd {rN+ Slay+2}
rCorr  .         Reflect  .     e - +2 pair of gloves
SustAt .         Harm     .     (no boots)
MR     .....                    H - amulet of the gourmand
Stlth  ..........               r - ring of protection from fire
                                o - +4 ring of intelligence

@: not resistant to hostile enchantments, extremely unstealthy
A: hooves 2, horns 2, agile 1, slow regeneration 1, spiny 1, rot immunity,
sturdy frame 2
a: Depart the Abyss, Bend Space, Banish, Corrupt, Enter the Abyss, Brand Weapon
With Distortion, Renounce Religion


You were on level 1 of the Orcish Mines.
You worshipped Lugonu.
Lugonu was exalted by your worship.
You were not hungry.

You visited 2 branches of the dungeon, and saw 13 of its levels.
You visited the Abyss 1 time.

You collected 1326 gold pieces.

Inventory:

Hand Weapons
 g - a +3 scythe of flaming
 h - a +0 broad axe (weapon)
Missiles
 l - 39 tomahawks
 n - 6 silver tomahawks (quivered)
Armour
 e - a +2 pair of gloves (worn)
 f - a +2 crystal plate armour (worn)
 w - the +2 cloak of Meidd (worn) {rN+ Slay+2}
   (You found it on level 5 of the Dungeon)

   It affects your accuracy and damage with ranged weapons and melee attacks
   (+2).
   It protects you from negative energy.
 y - a +0 shield (worn)
Jewellery
 o - a +4 ring of intelligence (left hand)
 r - a ring of protection from fire (right hand)
 H - an amulet of the gourmand (around neck)
Wands
 d - a wand of flame (18/48)
 s - a wand of iceblast (7/15)
 t - a wand of random effects (25/48)
 C - a wand of iceblast (15/15)
 D - a wand of random effects (27/48)
 I - a wand of slowing (29/48)
 J - a wand of slowing (18/48)
 K - a wand of confusion (30/48)
Scrolls
 k - 6 scrolls of teleportation
 p - 8 scrolls of identify
 u - 6 scrolls of magic mapping
 v - a scroll of blinking
 x - 3 scrolls of remove curse
 B - 4 scrolls of amnesia
Potions
 m - a potion of curing
 q - 2 potions of cancellation
 A - a potion of ambrosia {unknown}
 G - a potion of brilliance
Miscellaneous
 E - a phial of floods
Comestibles
 a - 16 fruits
 b - 8 beef jerkies
 c - 8 bread rations
 i - 2 slices of pizza
 j - 5 meat rations


   Skills:
 + Level 8.4 Fighting
 + Level 8.3 Axes
 + Level 0.1 Throwing
 * Level 10.9 Armour
 + Level 5.7 Dodging
 + Level 0.4 Stealth
 + Level 7.2 Shields
 + Level 2.7 Invocations


You had 10 spell levels left.
You didn't know any spells.

Dungeon Overview and Level Annotations

Branches:
Dungeon (11/15)            Temple (0/1) D:6            Lair (0/8) D:8
    Orc (2/2) D:10            Elf (0/3) Orc:2

Altars:
Ashenzari
Elyvilon
Fedhas
Kikubaaqudgha
Makhleb
Nemelex Xobeh
Ru
Vehumet
Yredelemnul
Beogh

Shops:
D:10 [


Innate Abilities, Weirdness & Mutations

You have hoof-like feet.
You are partially covered in sharp spines.
You are immune to rotting.
Your movements are less encumbered by armour (ER -4).
You have a pair of horns on your head.
You are agile. (Dex +2)
You regenerate slowly when monsters are visible.


Message History

The ettin hits you but does no damage.
You slash the ettin! Your headbutt misses the ettin.
The ettin is moderately wounded.
The ettin is struck by your spines.
The ettin hits you with a dire flail of protection!
You block the ettin's attack.
You hit the ettin. Your headbutt misses the ettin.
The ettin is moderately wounded.
You block the ettin's attack. The ettin hits you with a dire flail!
You hit the ettin but do no damage.
You headbutt the ettin, but do no damage.
The ettin is moderately wounded.
The ettin hits you with a dire flail of protection.
The ettin hits you with a dire flail!
* * * LOW HITPOINT WARNING * * *
Press: ? - help, Shift-Dir - straight line, f/p - ettin
Aim: an ettin, wielding a dire flail of protection and a dire flail (moderately wounded, chance to defeat MR: 67%)
You fail to use your ability.
The ettin hits you but does no damage. The ettin hits you with a dire flail!!!
You die...

..## ##....)[..# #.......#
...####.)..[[..## ####.....###
....#..........)####.........####
..............[.#.............#..
..............[..................
.................[[).............
...........#.....[>.....###......
..........###....))....######....
...........#....@........#.......
...............C.......####......
.....#............#.....###......
†...##............#..............
[...#.............#......^......#
...####........#####..........###
.### ##........# ##.#.......# ##
#....#..## #####.##.## #
##...#### #.##.##


You could see an ettin.

Vanquished Creatures
  2 ogre magi
  3 orc knights
  An elephant (D:8)
  A gargoyle (D:10)
  3 trolls
  5 two-headed ogres
  Grinder (D:5)
  Sigmund (D:2)
  A shadow (D:10)
  A wyvern (D:11)
  2 yaks
  Eustachio (D:4)
  A warg (Orc:2)
  Edmund (D:4)
  15 orc warriors
  4 phantoms
  A sky beast (D:8)
  5 ice beasts
  A black bear (D:9)
  16 ogres
  4 centaurs
  A big kobold (D:9)
  Blork the orc (D:4)
  6 giant frogs
  5 scorpions
  9 killer bees
  4 wights (D:10)
  5 howler monkeys
  A giant frog zombie (D:7)
  A centaur zombie (D:9)
  3 crimson imps
  A hound (D:9)
  A quasit (D:6)
  13 orc priests
  20 orc wizards
  Crazy Yiuf (D:4)
  3 jellies
  A centaur skeleton (D:6)
  A giant frog skeleton (D:9)
  3 iguanas
  Terence (D:2)
  Natasha (thrice) (D:2)
  10 worker ants
  2 sheep (D:8)
  2 hound zombies
  A howler monkey zombie (D:6)
  A worker ant zombie (D:10)
  4 gnolls
  19 adders
  4 shadow imps
  2 oozes
  2 adder zombies
  4 worms
  13 dart slugs
  8 giant geckos
  81 orcs
  6 ball pythons
  7 bats
  4 giant cockroaches
  10 goblins
  11 hobgoblins
  20 jackals
  4 quokkas
  3 giant newts
  A jackal skeleton (D:4)
  2 jackal zombies (D:6)
  19 kobolds
  2 quokka skeletons
  A quokka zombie (D:9)
  6 rats
403 creatures vanquished.

Vanquished Creatures (collateral kills)
  A howler monkey (D:8)
1 creature vanquished.

Vanquished Creatures (others)
  An ettin (Orc:1)
  An orc wizard (Orc:1)
2 creatures vanquished.

Grand Total: 406 creatures vanquished

Notes
Turn   | Place    | Note
--------------------------------------------------------------
     0 | Abyss:1  | Gargoyl the Demonspawn Abyssal Knight began the quest for the Orb.
     0 | Abyss:1  | Reached XP level 1. HP: 18/18 MP: 2/2
    31 | Abyss:2  | Found a corrupted altar of Lugonu.
    47 | Abyss:2  | Found a corrupted altar of Lugonu.
    99 | Abyss:2  | Noticed a wretched star
   100 | Abyss:2  | Noticed a tentacled starspawn
   100 | D:1      | Escaped the Abyss
   163 | D:1      | Reached skill level 2 in Armour
   178 | D:1      | Reached skill level 1 in Dodging
   314 | D:1      | Gained mutation: You are partially covered in sharp spines. [demonic ancestry]
   314 | D:1      | Reached XP level 2. HP: 19/24 MP: 3/3
   385 | D:1      | Reached * piety under Lugonu
   478 | D:1      | Reached XP level 3. HP: 26/29 MP: 3/5
  1252 | D:2      | Reached ** piety under Lugonu
  1322 | D:2      | Noticed Terence
  1335 | D:2      | Killed Terence
  1335 | D:2      | Gained mutation: Your movements are slightly less encumbered by armour (ER -2). [demonic ancestry]
  1335 | D:2      | Reached XP level 4. HP: 34/37 MP: 6/6
  1470 | D:2      | Reached skill level 3 in Armour
  1489 | D:2      | Noticed Sigmund
  1500 | D:2      | Gained mutation: You have an increased reservoir of magic (+10% MP). [potion of mutation]
  1500 | D:2      | Gained mutation: You are agile. (Dex +2) [potion of mutation]
  1500 | D:2      | Gained mutation: You regenerate slowly when monsters are visible. [potion of mutation]
  1510 | D:2      | Killed Sigmund
  1510 | D:2      | Gained mutation: You have large cloven feet. [demonic ancestry]
  1510 | D:2      | Reached XP level 5. HP: 2/42 MP: 7/7
  1666 | D:2      | Noticed Natasha
  1802 | D:2      | Killed Natasha
  1802 | D:2      | Reached skill level 4 in Armour
  1802 | D:2      | Gained mutation: Your movements are less encumbered by armour (ER -4). [demonic ancestry]
  1802 | D:2      | Reached XP level 6. HP: 48/48 MP: 8/8
  1892 | D:2      | Found a basalt altar of Yredelemnul.
  1899 | D:2      | Noticed Natasha
  1904 | D:2      | Killed Natasha
  2189 | D:2      | Noticed Natasha
  2195 | D:2      | Killed Natasha
  2994 | D:3      | Reached *** piety under Lugonu
  3504 | D:4      | Found a sacrificial altar of Ru.
  3542 | D:4      | Noticed Eustachio
  3552 | D:4      | Killed Eustachio
  3552 | D:4      | Reached XP level 7. HP: 54/55 MP: 9/9
  3620 | D:4      | Found a shattered altar of Ashenzari.
  3760 | D:4      | Found a sparkling altar of Nemelex Xobeh.
  3777 | D:4      | Noticed Edmund
  3806 | D:4      | Killed Edmund
  3834 | D:4      | Reached skill level 5 in Armour
  4307 | D:4      | Noticed Crazy Yiuf
  4322 | D:4      | Killed Crazy Yiuf
  4657 | D:5      | Entered Level 5 of the Dungeon
  4659 | D:5      | Noticed Blork the orc
  4669 | D:4      | Gained mutation: You have a pair of small horns on your head. [potion of mutation]
  4669 | D:4      | Gained mutation: You have a pair of horns on your head. [potion of mutation]
  4669 | D:4      | Lost mutation: You have an increased reservoir of magic (+10% MP). [potion of mutation]
  4674 | D:4      | Killed Blork the orc
  4823 | D:5      | Reached XP level 8. HP: 53/61 MP: 10/10
  4826 | D:5      | Reached **** piety under Lugonu
  4897 | D:5      | Noticed Grinder
  4905 | D:5      | Paralysed by Grinder for 5 turns
  4911 | D:5      | Killed Grinder
  4911 | D:5      | Reached skill level 5 in Fighting
  4911 | D:5      | Reached skill level 6 in Armour
  4989 | D:5      | Reached skill level 1 in Shields
  5603 | D:5      | Got a warped cloak
  5604 | D:5      | Identified the +2 cloak of Meidd {rN+ Slay+2} (You found it on level 5 of the Dungeon)
  5806 | D:6      | Reached skill level 5 in Dodging
  5844 | D:6      | Found a staircase to the Ecumenical Temple.
  5959 | D:6      | Found an ancient bone altar of Kikubaaqudgha.
  6042 | D:6      | Found a blossoming altar of Fedhas.
  6417 | D:6      | Reached XP level 9. HP: 63/68 MP: 11/11
  6596 | D:6      | Reached skill level 7 in Armour
  6648 | D:6      | Reached skill level 5 in Axes
  6884 | D:7      | Reached ***** piety under Lugonu
  7120 | D:7      | Found a burning altar of Makhleb.
  7790 | D:8      | Reached skill level 8 in Armour
  7937 | D:8      | Found a staircase to the Lair.
  7937 | D:8      | Noticed an elephant
  7949 | D:8      | Gained mutation: You are immune to rotting. [demonic ancestry]
  7949 | D:8      | Reached XP level 10. HP: 48/77 MP: 12/12
  7956 | D:8      | Killed an elephant
  9596 | D:9      | Reached skill level 5 in Shields
  9869 | D:9      | Found a radiant altar of Vehumet.
  9972 | D:9      | Reached skill level 9 in Armour
 10158 | D:9      | Found a white marble altar of Elyvilon.
 10236 | D:10     | Entered Level 10 of the Dungeon
 10522 | D:10     | Found a roughly hewn altar of Beogh.
 10522 | D:10     | Found a staircase to the Orcish Mines.
 10522 | D:10     | Noticed an orc knight
 10907 | D:11     | Killed an orc knight
 11198 | D:10     | Noticed a gargoyle
 11214 | D:10     | Killed a gargoyle
 11343 | D:10     | Found Geschisu's Armour Emporium.
 11349 | D:10     | Reached ****** piety under Lugonu
 11494 | D:10     | Gained mutation: You have hoof-like feet. [demonic ancestry]
 11494 | D:10     | Reached XP level 11. HP: 84/84 MP: 13/13
 11720 | Orc:1    | Entered Level 1 of the Orcish Mines
 11720 | Orc:1    | Noticed an ogre mage
 12086 | Orc:1    | Reached skill level 10 in Armour
 12092 | Orc:1    | Killed an ogre mage
 12728 | Orc:2    | Entered Level 2 of the Orcish Mines
 12745 | Orc:2    | Found a staircase to the Elven Halls.
 13580 | Orc:2    | Noticed an ogre mage
 13591 | Orc:2    | Noticed an orc knight
 13594 | Orc:2    | Killed an ogre mage
 13938 | Orc:1    | Killed an orc knight
 14628 | Orc:2    | Noticed an orc knight
 14729 | Orc:1    | Killed an orc knight
 15053 | Orc:2    | Noticed an ettin
 15208 | Orc:1    | Banished an ettin
 15451 | Orc:1    | Noticed an ettin
 15460 | Orc:1    | Demolished by an ettin

Skill      XL: |  1  2  3  4  5  6  7  8  9 10 11 |
---------------+----------------------------------+-----
Armour         | 2 3 4 5 6 8 9 10 | 10.9
Dodging        | 1 2 3 4 5 |  5.7
Axes           | 2 3 4 5 6 8 |  8.3
Fighting       | 4 5 6 7 8 |  8.4
Shields        | 2 4 6 7 |  7.2
Throwing       | |  0.1
Stealth        | |  0.4
Invocations    | |  2.7

Action                   |  1- 3 |  4- 6 |  7- 9 | 10-12 || total
-------------------------+-------+-------+-------+-------++-------
Melee: Hand axe          |    66 |   143 |    53 |       ||   262
       Kick              |       |    34 |    85 |   147 ||   266
       Broad axe         |       |       |   236 |   425 ||   661
       Headbutt          |       |       |    55 |    89 ||   144
Throw: Tomahawk          |       |       |       |     3 ||     3
Invok: Depart the Abyss  |     1 |       |       |       ||     1
       Banish            |       |       |       |     1 ||     1
  Use: Potion            |       |     7 |     6 |     2 ||    15
       Scroll            |       |       |    12 |    10 ||    22
  Eat: Chunk             |     1 |     8 |    14 |    30 ||    53
Armor: Leather armour    |    33 |       |       |       ||    33
       Scale mail        |       |    53 |    27 |       ||    80
       Skin              |       |     1 |    12 |       ||    13
       Chain mail        |       |       |   115 |    22 ||   137
       Crystal plate arm |       |       |       |   403 ||   403
Dodge: Dodged            |    49 |    91 |   111 |    98 ||   349
Block: Shield            |       |       |   172 |   355 ||   527
